 Dungeon Crawl Stone Soup version 0.23-a0-94-g44dc95e (webtiles) character file.

50836 SirVesa the Severer (level 14, -2/129 HPs)
             Began as a Hill Orc Fighter on Aug 11, 2018.
             Was the Champion of Beogh.
             Slain by a ghost moth (6 damage)
             ... on level 3 of the Spider Nest on Aug 16, 2018.
             The game lasted 01:15:57 (22644 turns).

SirVesa the Severer (Hill Orc Fighter)             Turns: 22644, Time: 01:15:58

Health: -2/129     AC: 10    Str: 21 (23) XL:     14   Next: 57%
Magic:  0/22       EV:  6    Int: 15 (16) God:    Beogh [******]
Gold:   1453       SH: 13    Dex:  9 (10) Spells: 13/13 levels left

rFire    . . .     SeeInvis .   H - +2 mace (venom)
rCold    . . .     Gourm    .   T - +1 shield {rPois}
rNeg     . . .     Faith    .   I - +0 plate armour
rPois    +         Spirit   +   Q - +0 helmet
rElec    .         Reflect  .   x - scarf {Spirit}
rCorr    .         Harm     .   e - +0 pair of gloves {Str+3}
MR       +....                  (no boots)
Stlth    ..........             E - amulet of guardian spirit
HPRegen  0.31/turn              G - +4 ring of intelligence
MPRegen  0.18/turn              z - ring of poison resistance

@: lethally poisoned (-2 -> -158), corroded
A: walk on water
a: Smiting, Recall Orcish Followers, Give Item to Named Follower, Resurrection,
Renounce Religion


You were on level 3 of the Spider Nest.
You worshipped Beogh.
Beogh was exalted by your worship.
You were not hungry.

You visited 3 branches of the dungeon, and saw 21 of its levels.

You collected 1453 gold pieces.

Inventory:

Hand Weapons
 a - a +1 war axe
 m - a +0 trident
 C - a +0 halberd
 H - a +2 mace of venom (weapon)
 M - a +0 battleaxe
 U - a +0 arbalest
Missiles
 y - 46 tomahawks (quivered)
 S - 5 tomahawks of dispersal
 V - 89 bolts
Armour
 e - a +0 pair of gloves of strength (worn)
 x - a scarf of spirit shield (worn)
 I - a +0 plate armour (worn)
 Q - a +0 helmet (worn)
 T - a +1 shield of poison resistance (worn)
Jewellery
 c - an uncursed ring of protection from fire
 l - an uncursed ring of protection from cold
 z - a ring of poison resistance (right hand)
 D - an uncursed ring of poison resistance
 E - an amulet of guardian spirit (around neck)
 G - a +4 ring of intelligence (left hand)
 O - an uncursed ring of resist corrosion
 R - an uncursed ring of ice
Wands
 b - a wand of enslavement (12)
 B - a wand of flame (30)
 F - a wand of disintegration (36)
 K - a wand of acid (23)
Scrolls
 h - 2 scrolls of fog
 j - 17 scrolls of identify
 p - 8 scrolls of teleportation
 s - 13 scrolls of remove curse
 v - 2 scrolls of fear
 w - 3 scrolls of amnesia
 L - 4 scrolls of enchant weapon
 W - 2 scrolls of blinking
 X - a scroll of magic mapping
Potions
 d - a potion of might
 g - 5 potions of ambrosia
 i - 2 potions of berserk rage
 k - 3 potions of invisibility {unknown}
 n - 11 potions of curing
 o - 4 potions of heal wounds
 q - a potion of brilliance {unknown}
 r - 2 potions of magic
 t - 4 potions of flight
 u - 2 potions of haste
 A - 3 potions of resistance
 J - 4 potions of cancellation
Comestibles
 f - 18 rations


   Skills:
 + Level 13.0 Fighting
 * Level 17.9 Axes
 + Level 12.1 Armour
 + Level 12.1 Shields
 * Level 11.4 Invocations


You had 13 spell levels left.
You didn't know any spells.
Your spell library contained the following spells:

 Spells                   Type           Power        Failure   Level  Hunger
 Magic Dart               Conj           #...         99%         1    ##.....
 Bolt of Magma            Conj/Fire/Erth #.........   100%        5    ######.
 Venom Bolt               Conj/Pois      #.........   100%        5    ######.
 Iskenderun's Mystic Bla  Conj           #.......     100%        4    #####..
 Iron Shot                Conj/Erth      #.........   100%        6    #######
 Spider Form              Tmut/Pois      #.........   100%        3    ####...
 Blade Hands              Tmut           #.........   100%        5    ######.
 Statue Form              Tmut/Erth      #........    100%        6    #######
 Ice Form                 Ice/Tmut       #.......     100%        4    #####..
 Dragon Form              Tmut           #.........   100%        7    #######
 Sticks to Snakes         Tmut           #.......     100%        2    ###....
 Shatter                  Erth           #.........   100%        9    #######
 Orb of Destruction       Conj           #.........   100%        7    #######
 Leda's Liquefaction      Hex/Erth       #.........   100%        4    #####..
 Beastly Appendage        Tmut           #.....       99%         1    ##.....
 Iskenderun's Battlesphe  Conj/Chrm      #.......     100%        5    ######.
 Fulminant Prism          Conj/Hex       #.........   100%        4    #####..
 Dazzling Spray           Conj/Hex       #.....       100%        3    ####...
 Force Lance              Conj/Tloc      #.......     100%        4    #####..
 Searing Ray              Conj           #.....       100%        2    ###....
 Spellforged Servitor     Conj/Summ      #.........   100%        7    #######
 Hydra Form               Tmut           #.........   100%        6    #######
 Irradiate                Conj/Tmut      #.........   100%        5    ######.


Dungeon Overview and Level Annotations

Branches:
Dungeon (12/15)            Temple (0/1) D:6            Lair (6/6) D:11
 Shoals (0/4) Lair:2       Spider (3/4) Lair:4        Slime (0/5) Lair:5
    Orc (0/2) D:12

Altars:
Dithmenos
Hepliaklqana
Kikubaaqudgha
Makhleb
Okawaru
Qazlal
Vehumet
Wu Jian
Xom

Shops:
D:10 =


Message History

You hit something but do no damage.
* * * LOW HITPOINT WARNING * * *
You feel very sick.
You feel you are being watched by something.
You feel your power leaking away. Something hits you.
* * * LOW HITPOINT WARNING * * *
You block something's attack. Something stings you.
* * * LOW HITPOINT WARNING * * *
You are more poisoned.
Something poisons you!
The entropy weaver pulls away from the web.
Borgoth unwields a +0 arbalest.
Borgoth wields a +1 halberd.
Borgoth hits the emperor scorpion but does no damage.
The emperor scorpion stings Koronagh!
The emperor scorpion claws Koronagh. x2
You feel you are being watched by something.
Something hits you.
* * * LOW HITPOINT WARNING * * *
Something hits you.
You die...

#...#. # #..^.. .
####.#.....#≈###
....##..#...#.#. ####
.#>....^...#... #...#
###......#...#... #....#
#.#a...#.....#..#
#....###o.....##.(#.#...
#......@os#...#..[......
#......{o..[..#...†.....
#..#...s...†.......###..
## #.....##..#........<.
.......^≈#..#....^#...#
#....##.###...#.##.^....
####) ##.#.....(.....#.#
.. #......^#≈....... ...
.......####......


You could see 2 emperor scorpions, an entropy weaver, the friendly Borgoth the
orc warlord, the friendly Koronagh the orc knight and the friendly Spirok the
orc knight.

Vanquished Creatures
  2 ghost moths (Spider:2)
  A spark wasp (Spider:3)
  Fannar (D:10)
  2 two-headed ogres (D:11)
  A centaur warrior (D:12)
  Nergalle (D:11)
  An orc knight (D:12)
  A wizard (D:11)
  2 wolf spiders
  An ugly thing (D:11)
  A manticore (D:11)
  2 centaur zombies
  3 torpor snails
  A yaktaur (D:11)
  A demonic crawler (Spider:1)
  4 jumping spiders
  A hornet (D:10)
  Grinder (D:3)
  2 blink frogs
  2 tarantellas
  2 wyverns
  11 redbacks
  A vampire (D:10)
  A hog (Spider:3)
  A basilisk (Lair:4)
  21 yaks
  2 vampire mosquitoes (D:12)
  A soldier ant (D:12)
  A water moccasin (Lair:2)
  5 orc warriors
  2 porcupines
  2 ice beasts
  A sky beast (D:5)
  A black bear (D:10)
  A necrophage (D:12)
  8 ogres
  2 centaurs (D:9)
  2 crocodiles
  3 big kobolds (D:12)
  A gnoll sergeant (D:12)
  5 bullfrogs
  2 wyvern skeletons
  5 scorpions
  3 wights (D:10)
  3 howler monkeys
  A bullfrog zombie (D:9)
  A hound (D:5)
  4 bullfrog skeletons
  4 orc priests
  4 iguanas
  A jelly (D:9)
  4 orc wizards (D:7)
  7 worker ants
  A worker ant zombie (D:7)
  2 gnolls (D:12)
  13 adders
  2 shadow imps
  An adder zombie (D:5)
  3 worms
  2 dart slugs
  3 leopard geckos
  28 orcs
  2 bat zombies (D:4)
  3 giant cockroaches
  12 hobgoblins
  10 jackals
  9 kobolds
  8 quokkas
  5 bats
  5 frilled lizards
  7 goblins
  A leopard gecko skeleton (D:5)
  10 rats
  2 rat zombies (D:4)
273 creatures vanquished.

Vanquished Creatures (collateral kills)
  Arachne (Spider:2)
  Gastronok (D:11)
  Frances (Spider:2)
  Kirke (Spider:3)
  Roxanne (Spider:2)
  The ghost of Gohat the Executioner, a journeyman HOBe of Trog (Spider:2)
  An emperor scorpion (Spider:2)
  2 entropy weavers (Spider:1)
  4 hydras
  A centaur warrior (D:10)
  A tengu warrior (D:11)
  A dancing weapon (Spider:2)
  The ghost of zb2018 the Carver, a novice OpFi of Okawaru (Lair:1)
  2 orb spiders (Spider:1)
  7 wolf spiders
  2 cyclopes
  A moth of wrath (Spider:1)
  A centaur zombie (D:12)
  A merfolk siren (Lair:2)
  6 black mambas
  A gargoyle (D:10)
  Maurice (D:10)
  A centaur skeleton (D:12)
  6 spiny frogs
  5 komodo dragons
  9 demonic crawlers
  3 merfolk (Lair:2)
  2 trolls
  11 jumping spiders
  2 polar bears
  A hornet (Lair:2)
  3 slime creatures (Lair:5)
  13 blink frogs
  2 dream sheep (Lair:3)
  2 hippogriffs
  41 redbacks
  11 tarantellas
  16 yaks
  A basilisk (Lair:5)
  2 hogs (Spider:3)
  2 hungry ghosts
  A vampire mosquito (D:12)
  3 water moccasins
  8 porcupines
  An orc priest (Spider:1)
  An ice beast (D:12)
  2 sky beasts
  5 orc warriors
  A necrophage (D:10)
  4 ogres
  7 crocodiles
  2 big kobolds (D:12)
  A gnoll sergeant (D:12)
  9 bullfrogs
  A scorpion (D:10)
  2 wights (D:10)
  4 crimson imps
  A quasit (D:10)
  A hound (D:9)
  A bullfrog zombie (D:12)
  A jelly (D:9)
  2 worker ants
  A gnoll (D:12)
  6 adders
  A shadow imp (D:9)
  7 orcs
  4 hobgoblins (D:12)
  3 jackals (D:10)
  A leopard gecko zombie (D:9)
  8 fungi
  14 plants
275 creatures vanquished.

Vanquished Creatures (others)
  2 orc knights (Spider:1)
  2 orc priests
  2 orc warriors (D:10)
  A human (Spider:3)
  An orc wizard (D:9)
  An ooze (D:3)
  18 orcs
  A goblin (D:3)
  A rat (D:3)
  A fungus (Lair:2)
  2 plants (Lair:2)
32 creatures vanquished.

Grand Total: 580 creatures vanquished

Notes
Turn   | Place    | Note
-------+----------+-------------------------------------------
     0 | D:1      | SirVesa the Hill Orc Fighter began the quest for the Orb.
     0 | D:1      | Reached XP level 1. HP: 19/19 MP: 1/1
   133 | D:1      | Reached skill level 3 in Axes
   133 | D:1      | Reached XP level 2. HP: 19/27 MP: 2/2
   142 | D:1      | Upgraded the game from 0.23-a0-78-gc252fe1 to 0.23-a0-85-g22930c1
   852 | D:2      | Reached XP level 3. HP: 33/33 MP: 3/3
  1344 | D:2      | Upgraded the game from 0.23-a0-85-g22930c1 to 0.23-a0-94-g44dc95e
  1714 | D:3      | Noticed a bullfrog
  1820 | D:2      | Reached XP level 4. HP: 28/40 MP: 4/4
  1841 | D:2      | Killed a bullfrog
  1841 | D:2      | Reached skill level 4 in Axes
  1841 | D:2      | Reached XP level 5. HP: 18/47 MP: 5/5
  2221 | D:3      | Became a worshipper of Beogh the Brigand
  2267 | D:3      | Noticed Grinder
  2285 | D:3      | Killed Grinder
  2285 | D:3      | Reached skill level 5 in Fighting
  2285 | D:3      | Reached skill level 5 in Axes
  2285 | D:3      | Reached XP level 6. HP: 36/56 MP: 6/6
  2412 | D:3      | Found a burning altar of Makhleb.
  2412 | D:3      | Noticed a green death
  2417 | D:3      | Noticed a ynoxinul
  2417 | D:3      | Noticed a smoke demon
  2565 | D:3      | Found an iron altar of Okawaru.
  2565 | D:3      | Found a hazy altar of Hepliaklqana.
  2582 | D:3      | You fall through a shaft for 2 floors!
  2582 | D:5      | Entered Level 5 of the Dungeon
  2596 | D:5      | Reached skill level 5 in Armour
  2636 | D:5      | Reached skill level 5 in Shields
  2636 | D:5      | Reached XP level 7. HP: 60/61 MP: 7/7
  2985 | D:4      | Reached * piety under Beogh
  3958 | D:4      | Reached skill level 6 in Axes
  4618 | D:4      | Reached XP level 8. HP: 70/70 MP: 8/8
  4752 | D:4      | Found an ancient bone altar of Kikubaaqudgha.
  4956 | D:5      | Reached ** piety under Beogh
  4956 | D:5      | Reached skill level 7 in Axes
  5061 | D:5      | Found an ornate altar of the Wu Jian Council.
  5170 | D:5      | Found a stormy altar of Qazlal.
  5606 | D:6      | Reached skill level 8 in Axes
  5998 | D:6      | Found a staircase to the Ecumenical Temple.
  6566 | D:7      | Found a radiant altar of Vehumet.
  6579 | D:7      | Reached XP level 9. HP: 74/79 MP: 7/9
  6690 | D:7      | Reached skill level 9 in Axes
  6943 | D:7      | Reached *** piety under Beogh
  7817 | D:9      | Found a shadowy altar of Dithmenos.
  7957 | D:9      | Reached skill level 10 in Axes
  8665 | D:10     | Entered Level 10 of the Dungeon
  8665 | D:10     | Found Umnobist's Jewellery Boutique.
  8672 | D:10     | Reached XP level 10. HP: 90/90 MP: 6/10
  8674 | D:10     | Noticed a gargoyle
  8684 | D:10     | Killed a gargoyle
  8684 | D:10     | Reached skill level 11 in Axes
  8688 | D:10     | Noticed Maurice
  8698 | D:10     | Killed Maurice
  8776 | D:10     | Noticed Fannar
  8791 | D:10     | Killed Fannar
  9201 | D:10     | Reached **** piety under Beogh
  9392 | D:10     | Reached skill level 12 in Axes
  9478 | D:10     | Noticed a centaur warrior
  9503 | D:10     | Killed a centaur warrior
  9807 | D:10     | Paralysed by a hornet for 3 turns
 10341 | D:11     | Noticed Gastronok
 10358 | D:11     | Killed Gastronok
 10358 | D:11     | Reached skill level 13 in Axes
 10358 | D:11     | Reached XP level 11. HP: 63/99 MP: 6/11
 10399 | D:11     | Found a staircase to the Lair.
 10427 | D:11     | Noticed a red ugly thing
 10428 | D:11     | Reached skill level 10 in Fighting
 10438 | D:11     | Killed a red ugly thing
 10740 | D:11     | Noticed a two-headed ogre
 10746 | D:11     | Killed a two-headed ogre
 10753 | D:11     | Noticed a manticore
 10765 | D:11     | Killed a manticore
 11141 | D:11     | Noticed Nergalle
 11153 | D:11     | Killed Nergalle
 11183 | D:11     | Reached skill level 14 in Axes
 11262 | D:11     | Noticed a six-headed hydra
 11270 | D:11     | Killed a six-headed hydra
 11270 | D:11     | Gained Borgoth as an ally
 11271 | D:11     | Noticed a two-headed ogre
 11280 | D:11     | Noticed a wizard
 11285 | D:11     | Killed a two-headed ogre
 11293 | D:11     | Killed a wizard
 11293 | D:11     | Reached skill level 10 in Armour
 11293 | D:11     | Reached skill level 10 in Shields
 11460 | D:11     | Noticed a cyclops
 11473 | D:11     | Killed a cyclops
 11473 | D:11     | Reached XP level 12. HP: 32/108 MP: 1/12
 11871 | D:11     | Noticed a tengu warrior
 11889 | D:11     | Killed a tengu warrior
 12374 | D:12     | Reached skill level 1 in Invocations
 12407 | D:12     | Reached skill level 15 in Axes
 12462 | D:12     | Found a staircase to the Orcish Mines.
 12492 | D:12     | Reached ***** piety under Beogh
 12884 | D:12     | Noticed a centaur warrior
 12897 | D:12     | Killed a centaur warrior
 13186 | Lair:1   | Entered Level 1 of the Lair of Beasts
 13610 | Lair:1   | Noticed a four-headed hydra
 13619 | Lair:1   | Killed a four-headed hydra
 13844 | Lair:1   | Reached skill level 5 in Invocations
 13882 | Lair:1   | Found a runed door.
 13884 | Lair:1   | Noticed zb2018's ghost (novice OpFi)
 13899 | Lair:1   | Killed zb2018's ghost
 14758 | Lair:2   | Noticed a six-headed hydra
 14764 | Lair:2   | Killed a six-headed hydra
 14764 | Lair:2   | Reached XP level 13. HP: 94/117 MP: 15/17
 14794 | Lair:2   | Reached skill level 16 in Axes
 15118 | Lair:2   | Found a staircase to the Shoals.
 16030 | Lair:3   | Gained Garbold as an ally
 16522 | Lair:4   | Found a hole to the Spider Nest.
 17054 | Lair:4   | You fall through a shaft for 2 floors!
 17054 | Lair:6   | Entered Level 6 of the Lair of Beasts
 17294 | Lair:5   | Found a staircase to the Slime Pits.
 17647 | Spider:1 | Entered Level 1 of the Spider Nest
 18119 | Spider:1 | Reached ****** piety under Beogh
 18468 | Spider:1 | Reached skill level 17 in Axes
 18518 | Spider:1 | Your ally Garbold died
 18628 | Spider:1 | Noticed an entropy weaver
 18640 | Spider:1 | Killed an entropy weaver
 18870 | Spider:1 | Noticed an entropy weaver
 18881 | Spider:1 | Killed an entropy weaver
 18907 | Spider:1 | Reached XP level 14. HP: 127/127 MP: 21/21
 18910 | Spider:1 | Reached skill level 10 in Invocations
 19563 | Spider:2 | Noticed Roxanne
 19892 | Spider:2 | Gained Spirok as an ally
 19952 | Spider:2 | Noticed Arachne
 19959 | Spider:2 | Killed Arachne
 19984 | Spider:2 | Killed Roxanne
 20171 | Spider:2 | Found a runed door.
 20172 | Spider:2 | Found a shimmering altar of Xom.
 20172 | Spider:2 | Noticed Gohat's ghost (journeyman HOBe)
 20185 | Spider:2 | Killed Gohat's ghost
 20185 | Spider:2 | Gained Koronagh as an ally
 20403 | Spider:2 | Noticed an emperor scorpion
 20414 | Spider:2 | Killed an emperor scorpion
 20567 | Spider:2 | Killed a ghost moth
 20651 | Spider:2 | Killed a ghost moth
 21394 | Spider:2 | Noticed Frances
 21404 | Spider:2 | Killed Frances
 21770 | Spider:3 | Noticed Kirke
 21780 | Spider:3 | Killed Kirke
 22634 | Spider:3 | Noticed an entropy weaver
 22636 | Spider:3 | Noticed an emperor scorpion
 22637 | Spider:3 | Noticed an emperor scorpion
 22644 | Spider:3 | HP: 4/129 [something (4)]
 22644 | Spider:3 | Slain by a ghost moth

Vault maps used:
D:1:      matt_arrival_grand_opening, minmay_tetromino_i2
D:2:      first_ration
D:3:      gammafunk_temple_overflow_pools, makhleb_altar_promises_db,
          uniq_grinder
D:4:      lemuel_zombie_altar_kikubaaqudgha, kennysheep_generic_room_5
D:5:      nicolae_qazlal_eye_of_the_storm, overflow_temple_1_default
D:6:      minmay_temple_entry_mist
D:7:      basic_altar, roderic_st_hans_cross
D:9:      kennysheep_ambush_hall, grunt_dithmenos_shadows
D:10:     serial_shops, shop, uniq_maurice, uniq_fannar
D:11:     minmay_bloctagon_deflated, lair_entry_dummy, grunt_tengu_nest,
          uniq_gastronok, uniq_nergalle
D:12:     cheibrodos_orc_bank, kennysheep_orc_monster_closet_entryway
Lair:1:   gammafunk_ghost_grave
Lair:2:   minmay_lair_venomous_thicket, elwin_shoals_entry_stream
Lair:3:   serial_bayou_ford_a
Lair:4:   dummy_spider_entry
Lair:5:   minmay_slime_entry_pillars, bobbens_ice_dragon_lair
Lair:6:   minmay_lair_end_enchanted_forest, serial_bayou_shore_b
Spider:1: nicolae_crawler_farm
Spider:2: ebering_ghost_xom, nicolae_spider_stair_cavern, uniq_frances,
          uniq_arachne, uniq_roxanne
Spider:3: uniq_kirke

Skill      XL: |  1  2  3  4  5  6  7  8  9 10 11 12 13 14 |
---------------+-------------------------------------------+-----
Axes           | 3 4 5 6 8 10 13 14 15 17 | 17.9
Fighting       | 4 5 6 7 8 9 10 11 12 13 | 13.0
Armour         | 4 5 6 7 9 10 11 12 | 12.1
Shields        | 4 5 6 7 9 10 11 12 | 12.1
Invocations    | 6 9 11 | 11.4

Action                   |  1- 3 |  4- 6 |  7- 9 | 10-12 | 13-15 || total
-------------------------+-------+-------+-------+-------+-------++-------
Melee: War axe           |   150 |   116 |   406 |   233 |       ||   905
       Mace              |       |       |       |   273 |   371 ||   644
Invok: Convert to Beogh  |       |     1 |       |       |       ||     1
       Smiting           |       |       |     1 |     2 |       ||     3
       Give Item to Name |       |       |       |     1 |     1 ||     2
       Recall Orcish Fol |       |       |       |       |     1 ||     1
Evoke: Wand              |       |       |       |     5 |       ||     5
  Use: Scroll            |       |       |    20 |     3 |     3 ||    26
       Potion            |       |       |       |     2 |     2 ||     4
 Stab: Distracted        |       |       |       |     1 |     6 ||     7
  Eat: Chunk             |     3 |     3 |     7 |     4 |     4 ||    21
       Ration            |       |       |     5 |     4 |     7 ||    16
Armor: Scale mail        |    16 |       |       |       |       ||    16
       Chain mail        |    58 |    55 |   119 |       |       ||   232
       Plate armour      |       |       |    87 |   235 |   309 ||   631
Dodge: Dodged            |    31 |    42 |    89 |    95 |   129 ||   386
Block: Shield            |    79 |    81 |   234 |   328 |   350 ||  1072

Table legend:
 A = Non-vault XP
 B = Vault XP
 C = Vault XP percentage of total XP
 D = Non-vault monster count
 E = Vault monster count
 F = Vault count percentage of total count
 G = Total turns spent on level
                 A         B        C        D         E       F
            +---------+---------+-------+---------+---------+-------
      Total |   52365 |   20259 |  27.9 |     435 |      89 |  17.0
            +---------+---------+-------+---------+---------+-------
        D:1 |      28 |       4 |  12.5 |      17 |       2 |  10.5
        D:2 |     154 |       0 |   0.0 |      30 |       0 |   0.0
        D:3 |      80 |     281 |  77.8 |      25 |       1 |   3.8
        D:4 |     444 |     247 |  35.7 |      19 |       6 |  24.0
        D:5 |     321 |       0 |   0.0 |      18 |       0 |   0.0
        D:6 |     571 |       0 |   0.0 |      14 |       0 |   0.0
        D:7 |     738 |       0 |   0.0 |      16 |       0 |   0.0
        D:8 |     400 |       0 |   0.0 |      10 |       0 |   0.0
        D:9 |     982 |     315 |  24.3 |      16 |       7 |  30.4
       D:10 |    2971 |     855 |  22.3 |      27 |       2 |   6.9
       D:11 |    6312 |    4709 |  42.7 |      29 |       7 |  19.4
       D:12 |    4210 |    2111 |  33.4 |      29 |      28 |  49.1
     Lair:1 |    2861 |     695 |  19.5 |      18 |       1 |   5.3
     Lair:2 |    2772 |    2314 |  45.5 |      14 |      16 |  53.3
     Lair:3 |    2767 |       0 |   0.0 |      19 |       0 |   0.0
     Lair:4 |    1756 |       0 |   0.0 |      13 |       0 |   0.0
     Lair:5 |    2541 |     408 |  13.8 |      17 |       3 |  15.0
     Lair:6 |     111 |       0 |   0.0 |       1 |       0 |   0.0
   Spider:1 |   12571 |    1305 |   9.4 |      64 |       7 |   9.9
   Spider:2 |    6120 |    5607 |  47.8 |      22 |       5 |  18.5
   Spider:3 |    3655 |    1408 |  27.8 |      17 |       4 |  19.0
            +---------+---------+-------+---------+---------+-------
